 Dungeon Crawl Stone Soup version 0.22-a0-455-ga0624bf (webtiles) character file.

232083 adolchristin the Warrior (level 18, -3/180 HPs)
             Began as a Minotaur Berserker on June 5, 2018.
             Was a High Priest of Trog.
             Slain by a vault sentinel
             ... wielding the +4 glaive of Trog's Castigation {chop, rElec rN++ Int+2 Stlth+}
              (19 damage)
             ... on level 4 of the Vaults.
             The game lasted 01:04:40 (34083 turns).

adolchristin the Warrior (Minotaur Berserker)      Turns: 34083, Time: 01:04:40

Health: -3/180     AC: 40    Str: 33    XL:     18   Next: 81%
Magic:  17/17      EV: 12    Int:  4    God:    Trog [*****.]
Gold:   2788       SH: 16    Dex:  9    Spells: 17/17 levels left

rFire    + . .     SeeInvis .   a - +7 broad axe "Mozucoasm" {chop, rC+ Str+2}
rCold    + + +     Gourm    .   H - +2 shield
rNeg     + . .     Faith    .   v - +1 crystal plate armour {rC+}
rPois    +         Spirit   .   d - +2 hat
rElec    +         Reflect  .   M - +2 cloak
rCorr    +         Harm     .   x - +5 pair of gloves of Peek-a-Boo {Regen+}
MR       +++..                  q - +2 pair of boots
Stlth    ..........             N - amulet of the acrobat
HPRegen  1.80/turn              E - ring of positive energy
MPRegen  0.15/turn              n - +3 ring of slaying

@: about to teleport, resistant, regenerating, slowed, drained, very slow
A: retaliatory headbutt, horns 2
}: 1/15 runes: decaying
a: Berserk, Trog's Hand, Brothers in Arms, Renounce Religion


You were on level 4 of the Vaults.
You worshipped Trog.
Trog was extremely pleased with you.
You were not hungry.

You visited 5 branches of the dungeon, and saw 31 of its levels.
You also visited: Ice Cave.

You collected 3365 gold pieces.
You spent 577 gold pieces at shops.

Inventory:

Hand Weapons
 a - the +7 broad axe "Mozucoasm" (weapon) {chop, rC+ Str+2}
   (You found it on level 2 of the Swamp)

   It inflicts extra damage upon your enemies.
   It affects your strength (+2).
   It protects you from cold.
 b - the +10 hunting sling "Juenop" {flame, Str+4}
   (Trog gifted it to you on level 3 of the Vaults)

   It causes projectiles fired from it to burn those they strike, causing extra
   injury to most foes and up to half again as much damage against particularly
   susceptible opponents.
   It affects your strength (+4).
 y - a +2 hand axe of flaming
 C - a +4 hunting sling of flaming
 J - the +6 battleaxe "Aphut" {chop, rElec rPois Str-3 Dex+7}
   (You found it on level 1 of the Lair of Beasts)

   It inflicts extra damage upon your enemies.
   It affects your strength (-3).
   It affects your dexterity (+7).
   It insulates you from electricity.
   It protects you from poison.
Missiles
 z - 431 sling bullets
Armour
 d - a +2 hat (worn)
 h - a +2 chain mail of fire resistance
 q - a +2 pair of boots (worn)
 v - a +1 crystal plate armour of cold resistance (worn)
 x - the +5 pair of gloves of Peek-a-Boo (worn) {Regen+}
   (You found it in an ice cave)

   It increases your rate of regeneration.
 H - a +2 shield (worn)
 M - a +2 cloak (worn)
Jewellery
 e - an uncursed ring of protection from cold
 n - a +3 ring of slaying (right hand)
 E - a ring of positive energy (left hand)
 N - an amulet of the acrobat (around neck)
 V - an uncursed ring of poison resistance
 W - an uncursed ring of resist corrosion
Wands
 u - a wand of iceblast (8)
 F - a wand of digging (23)
 P - a wand of acid (23)
 R - a wand of polymorph (34)
 S - a wand of paralysis (6)
Scrolls
 j - 11 scrolls of remove curse
 m - 8 scrolls of magic mapping
 r - 6 scrolls of teleportation
 t - a scroll of silence
 w - 2 scrolls of immolation
 K - a scroll of blinking
 X - a scroll of fog
Potions
 f - 6 potions of haste {unknown}
 g - a potion of degeneration {unknown}
 i - 4 potions of agility {unknown}
 l - 6 potions of mutation {unknown}
 o - 4 potions of might {unknown}
 p - a potion of lignification
 s - 5 potions of flight {unknown}
 A - a potion of ambrosia
 G - a potion of curing
 I - 4 potions of brilliance
 L - a potion of invisibility
 Q - 4 potions of resistance
 T - a potion of magic
Comestibles
 c - 29 rations


   Skills:
 + Level 20.5(20.4) Fighting
 + Level 19.5 Axes
 * Level 13.6 Slings
 + Level 14.6 Armour
 + Level 13.5 Dodging
 * Level 13.6 Shields


You had 17 spell levels left.
You didn't know any spells.
Your spell library was empty.

Dungeon Overview and Level Annotations

Branches:
Dungeon (15/15)            Temple (0/1) D:5            Lair (6/6) D:11
  Swamp (4/4) Lair:4        Snake (0/4) Lair:2        Slime (0/5) Lair:5
    Orc (2/2) D:12            Elf (0/3) Orc:2        Vaults (4/5) D:13
  Crypt (0/3) Vaults:2     Depths (0/5) D:15

Altars:
Ashenzari
Cheibriados
Dithmenos
Elyvilon
Gozag
Hepliaklqana
Okawaru
Ru
Sif Muna
Trog
Yredelemnul
Zin
The Shining One
Jiyva

Shops:
D:5 [   D:8 !   D:12 (   D:15 *:   Orc:1 [   Orc:2 *([*=


Innate Abilities, Weirdness & Mutations

You reflexively headbutt those who attack you in melee.
You have a pair of horns on your head.


Message History

You slash the frost giant!
You kill the frost giant!
Trog accepts your kill.
Trog appreciates your killing of a magic user.
You slash the ironbrand convoker! You hit the vault warden.
Your surroundings seem slightly different.
A necromancer appears from thin air!
Reactivating autopickup.
The vault warden activates a sealing rune.
As you read the scroll of teleportation, it crumbles to dust.
You feel strangely unstable.
The shadow dragon's soul is no longer bound.
The yaktaur wields an arbalest.
The yaktaur shoots a bolt.
The bolt hits you!
* * * LOW HITPOINT WARNING * * *
The ironbrand convoker casts a spell at the necromancer.
The necromancer seems to grow stronger.
You block the dream sheep's attack.
The yaktaur wields an arbalest.
The yaktaur shoots a bolt.
The bolt barely misses you.
The vault sentinel hits you from afar with a twisted glaive {chop}!!
You die...

#.....# #.....#
#.....# #..)..#
#..(..# #.)(..#
#(....# #.(...#
#.)cc@# #...Y.#
#######..ccp#
........cypc#
.......Z..Zp#
........ZppD####
.........Z)pp..###
..........)ยง#..#.#
#'###########..'##+


You could see a shadow dragon, 2 vault wardens, a yaktaur captain, 2 vault
sentinels, 2 ironbrand convokers, 5 yaktaurs, a necromancer, a hornet, a dream
sheep shaped shifter, a deep elf mage zombie, a vault warden zombie, an
ironbrand convoker zombie and a vault warden skeleton.

Vanquished Creatures
  Mara (Vaults:2)
  Rupert (Lair:5)
  A tentacled monstrosity (Vaults:1)
  2 sphinxes
  Gastronok (Lair:2)
  3 thorn hunters
  The ghost of ICEMaiden the Bludgeoner, an adept MiBe of Trog (D:15)
  The ghost of jasper the Fencer, an adept HaBe of Trog (Swamp:2)
  A frost giant (Vaults:4)
  A deep elf sorcerer (Vaults:2)
  An orc warlord (Orc:2)
  4 vault wardens (Vaults:1)
  A ghoul (D:15)
  A reaper (IceCv)
  5 ironheart preservers
  A stone giant (Vaults:3)
  Nessos (D:14)
  2 deep elf demonologists (Vaults:2)
  A deep elf annihilator (Vaults:2)
  A deep elf death mage (Vaults:2)
  Snorg (Lair:5)
  An ettin (Orc:2)
  An eidolon (Vaults:2)
  A fire dragon (Vaults:2)
  4 yaktaur captains
  A great orb of eyes (Vaults:1)
  2 rakshasas
  Harold (Lair:2)
  The ghost of GuildmasterMusic the Spear-Bearer, a journeyman HOFi of Beogh (Orc:1)
  A ghost crab (Swamp:3)
  21 hydras
  4 centaur warriors
  2 catoblepae
  2 ice dragons
  3 death knights
  22 two-headed ogres
  2 dancing weapons (D:13)
  12 alligators
  2 deep troll earth magi (Vaults:3)
  The ghost of BritneySpears the Cleaver, a journeyman GrAK of Lugonu (D:12)
  A tengu warrior (D:13)
  2 death yaks (Lair:5)
  5 ogre magi
  An orc high priest (Orc:2)
  Urug (D:11)
  The ghost of adolchristin the Cleaver, a novice MiBe of Trog (D:9)
  3 deep elf knights (Vaults:2)
  Sonja (D:13)
  2 shadow wraiths
  3 deep trolls
  3 unseen horrors
  18 skeletal warriors
  3 wizards
  4 necromancers
  13 swamp dragons
  2 spriggan druids
  2 flayed ghosts
  4 shambling mangroves
  2 phantasmal warriors
  Pikel (D:8)
  6 ironbrand convokers
  2 deep elf archers
  4 harpies (Vaults:3)
  13 orc knights
  A wolf spider (Vaults:1)
  9 ugly things
  6 orc sorcerers
  4 deep elf magi
  2 manticores
  A frost giant zombie (Vaults:1)
  8 cyclopes
  4 black mambas
  Joseph (D:7)
  3 torpor snails
  14 spiny frogs
  6 vault sentinels
  Maurice (Orc:1)
  6 rime drakes
  9 komodo dragons
  2 ice statues (IceCv)
  6 centaur skeletons
  8 freezing wraiths
  10 yaktaurs
  10 ice devils (IceCv)
  A komodo dragon (shapeshifter) (D:15)
  10 trolls
  8 meliai
  5 polar bears (Lair:6)
  Grinder (D:6)
  2 queen bees
  10 tyrant leeches
  12 hornets
  4 raiju (shapeshifter)
  A sphinx simulacrum (Vaults:2)
  13 blink frogs
  A hippogriff (shapeshifter) (D:15)
  7 dream sheep (Lair:6)
  6 hippogriffs
  7 bog bodies
  2 stone giant simulacra (Vaults:2)
  34 slime creatures
  A centaur simulacrum (D:14)
  14 spriggans
  2 vampires
  An ettin skeleton (Vaults:2)
  A yak (shapeshifter) (D:15)
  A spriggan (shapeshifter) (Vaults:1)
  6 shadows
  A basilisk (Lair:4)
  3 wraiths
  3 wyverns
  28 yaks
  35 vampire mosquitoes
  A hog (shapeshifter) (Vaults:4)
  Eustachio (D:5)
  2 humans (D:9)
  20 swamp worms
  A naga (Lair:2)
  7 wargs
  2 acid dragons
  8 insubstantial wisps (Swamp:1)
  A porcupine (shapeshifter) (Vaults:1)
  8 porcupines
  11 water moccasins
  2 hell hounds (D:11)
  11 swamp drakes
  4 sky beasts
  3 black bears
  An eye of draining (D:12)
  2 phantoms
  An ice beast (D:11)
  2 slaves (D:8)
  A necrophage (D:5)
  43 orc warriors
  An eye of draining (shapeshifter) (Vaults:1)
  2 human zombies
  27 ogres
  An orc zombie (Vaults:1)
  15 boggarts
  27 wolves
  11 centaurs
  14 crocodiles
  A yaktaur zombie (Vaults:1)
  2 big kobolds
  18 bullfrogs
  A human skeleton (Vaults:2)
  2 scorpions
  49 killer bees
  8 wights
  8 crimson imps
  2 human simulacra
  32 orc priests
  8 centaur zombies
  5 hounds
  Crazy Yiuf (D:3)
  2 jellies
  3 bullfrog skeletons
  Terence (D:3)
  8 hell rats
  3 iguanas
  39 orc wizards
  7 worker ants
  3 mummies (D:15)
  A worker ant zombie (D:7)
  15 gnolls
  A river rat (Lair:5)
  9 adders
  5 shadow imps
  7 white imps (IceCv)
  8 ufetubi (IceCv)
  6 worms
  3 dart slugs
  4 leopard geckos
  108 orcs
  10 bats
  5 giant cockroaches
  5 goblins
  4 hobgoblins
  9 jackals
  12 kobolds
  4 quokkas
  A ball python (D:2)
  9 frilled lizards
  7 rats
  A fungus (Lair:2)
  A plant (Lair:5)
1212 creatures vanquished.

Vanquished Creatures (collateral kills)
  An ironheart preserver (Vaults:4)
  A war gargoyle (Vaults:4)
  A yaktaur captain (Vaults:4)
  3 vault guards (Vaults:4)
  A death yak (Lair:4)
  A storm dragon zombie (Vaults:4)
  A vault sentinel (Vaults:4)
  A spiny frog (Lair:5)
  A meliai (Lair:5)
  A hippogriff (Lair:5)
  A yak (Lair:4)
  2 killer bees (Lair:5)
15 creatures vanquished.

Vanquished Creatures (others)
  An insubstantial wisp (Swamp:1)
  A slave (D:8)
  A boggart (Vaults:1)
  An orc priest (Orc:2)
  An orc wizard (Orc:2)
  3 white imps (IceCv)
  2 ufetubi (IceCv)
  4 fungi
  19 plants
33 creatures vanquished.

Grand Total: 1260 creatures vanquished

Notes
Turn   | Place    | Note
-------+----------+-------------------------------------------
     0 | D:1      | adolchristin the Minotaur Berserker began the quest for the Orb.
     0 | D:1      | Reached XP level 1. HP: 19/19 MP: 0/0
   198 | D:1      | Reached XP level 2. HP: 27/27 MP: 1/1
   453 | D:1      | Reached skill level 4 in Fighting
   986 | D:2      | Reached ** piety under Trog
  1066 | D:2      | Reached XP level 3. HP: 32/33 MP: 2/2
  1761 | D:3      | Reached skill level 5 in Axes
  1765 | D:3      | Reached skill level 1 in Shields
  1765 | D:3      | Reached XP level 4. HP: 41/41 MP: 3/3
  2060 | D:3      | Found an iron altar of Okawaru.
  2200 | D:3      | Reached *** piety under Trog
  2200 | D:3      | Reached XP level 5. HP: 47/47 MP: 4/4
  2258 | D:3      | Found a runed door.
  2344 | D:3      | Noticed Terence
  2354 | D:3      | Killed Terence
  2371 | D:3      | Reached skill level 5 in Fighting
  2496 | D:3      | Found a sacrificial altar of Ru.
  2496 | D:3      | Found a white marble altar of Elyvilon.
  2497 | D:3      | Found a basalt altar of Yredelemnul.
  2501 | D:3      | Found a hazy altar of Hepliaklqana.
  2647 | D:3      | Noticed Crazy Yiuf
  2649 | D:3      | Killed Crazy Yiuf
  2815 | D:4      | Reached XP level 6. HP: 54/56 MP: 5/5
  3004 | D:4      | Found a shattered altar of Ashenzari.
  3079 | D:4      | Reached XP level 7. HP: 62/62 MP: 6/6
  3120 | D:4      | Found a glowing drain.
  3263 | D:4      | Reached **** piety under Trog
  3304 | D:4      | Reached skill level 6 in Fighting
  3429 | D:5      | Entered Level 5 of the Dungeon
  3431 | D:5      | Noticed Eustachio
  3476 | D:5      | Killed Eustachio
  3699 | D:5      | Found a staircase to the Ecumenical Temple.
  3729 | D:5      | Reached skill level 7 in Fighting
  3729 | D:5      | Reached XP level 8. HP: 73/73 MP: 7/7
  3753 | D:5      | Found Juedugh's Armour Shop.
  4140 | D:5      | Found a glowing silver altar of Zin.
  4236 | D:5      | Reached skill level 10 in Axes
  4581 | D:6      | Reached skill level 8 in Fighting
  4826 | D:6      | Noticed Grinder
  4841 | D:6      | Killed Grinder
  5326 | D:7      | Reached XP level 9. HP: 82/82 MP: 8/8
  5354 | D:7      | Noticed Joseph
  5371 | D:7      | Killed Joseph
  5371 | D:7      | Reached skill level 9 in Fighting
  5723 | D:7      | Found a glowing golden altar of the Shining One.
  5960 | D:7      | Reached skill level 1 in Slings
  6090 | D:8      | Noticed Pikel
  6105 | D:8      | Killed Pikel
  6106 | D:8      | Reached ***** piety under Trog
  6193 | D:8      | Noticed a two-headed ogre
  6209 | D:8      | Killed a two-headed ogre
  6209 | D:8      | Reached skill level 10 in Fighting
  6209 | D:8      | Reached XP level 10. HP: 65/93 MP: 9/9
  6278 | D:8      | Found Watweocao's Distillery.
  6289 | D:8      | Bought a potion of heal wounds for 60 gold pieces
  6289 | D:8      | Bought a potion of curing for 36 gold pieces
  6353 | D:5      | Bought a +0 pair of gloves of archery for 126 gold pieces
  6918 | D:8      | Found a deep blue altar of Sif Muna.
  7212 | D:9      | Noticed a two-headed ogre
  7217 | D:9      | Noticed adolchristin's ghost (novice MiBe)
  7228 | D:9      | Killed a two-headed ogre
  7241 | D:9      | Killed adolchristin's ghost
  7241 | D:9      | Reached skill level 5 in Slings
  7302 | D:9      | Found an iron altar of Okawaru.
  7382 | D:9      | Reached skill level 11 in Fighting
  8050 | D:10     | Entered Level 10 of the Dungeon
  8448 | D:10     | Received a gift from Trog
  8777 | D:10     | Noticed a two-headed ogre
  8786 | D:10     | Killed a two-headed ogre
  8786 | D:10     | Reached XP level 11. HP: 84/103 MP: 10/10
  9480 | D:11     | Received a gift from Trog
  9531 | D:11     | Got a polished chain mail
  9532 | D:11     | Identified the +7 chain mail of Wu Jian's Pride {Slay+2 Stlth+} (You found it on level 11 of the Dungeon)
 10013 | D:11     | Got an ancient plate armour
 10014 | D:11     | Identified the +6 plate armour of the Orb {*Drain rPois rC- Str+9} (You found it on level 11 of the Dungeon)
 10156 | D:11     | Found a staircase to the Lair.
 10285 | D:11     | Noticed a two-headed ogre
 10291 | D:11     | Killed a two-headed ogre
 10291 | D:11     | Reached skill level 12 in Fighting
 10304 | D:11     | Noticed Urug
 10316 | D:11     | Killed Urug
 10552 | D:11     | Reached skill level 15 in Axes
 11011 | Lair:1   | Entered Level 1 of the Lair of Beasts
 11033 | Lair:1   | Noticed a five-headed hydra
 11048 | Lair:1   | Killed a five-headed hydra
 11397 | Lair:1   | Noticed an eight-headed hydra
 11406 | Lair:1   | Killed an eight-headed hydra
 11482 | Lair:1   | Reached skill level 13 in Fighting
 11593 | Lair:1   | Found a snail-covered altar of Cheibriados.
 11620 | Lair:1   | Noticed an eight-headed hydra
 11631 | Lair:1   | Killed an eight-headed hydra
 11696 | Lair:1   | Reached XP level 12. HP: 97/115 MP: 11/11
 11992 | Lair:1   | Found the cursed necklace of Bloodlust {*Rage +Rage MR++ Int-3 Slay+6 *Curse}
 12178 | Lair:1   | Got a bloodstained battleaxe
 12179 | Lair:1   | Identified the +6 battleaxe "Aphut" {chop, rElec rPois Str-3 Dex+7} (You found it on level 1 of the Lair of Beasts)
 12412 | Lair:2   | Found a staircase to the Snake Pit.
 12527 | Lair:2   | Noticed Gastronok
 12539 | Lair:2   | Killed Gastronok
 12539 | Lair:2   | Reached skill level 10 in Slings
 12767 | Lair:2   | Noticed Harold
 12780 | Lair:2   | Killed Harold
 12924 | Lair:2   | Reached skill level 14 in Fighting
 13467 | Lair:3   | Found a shadowy altar of Dithmenos.
 13559 | Lair:3   | Found a shattered altar of Ashenzari.
 14072 | Lair:4   | Noticed an eight-headed hydra
 14078 | Lair:4   | Killed a three-headed hydra
 14454 | Lair:4   | Noticed a death yak
 14456 | Lair:4   | Noticed a catoblepas
 14463 | Lair:4   | Killed a death yak
 14499 | Lair:4   | Killed a catoblepas
 14499 | Lair:4   | Received a gift from Trog
 14526 | Lair:4   | Reached skill level 15 in Fighting
 14620 | Lair:4   | Noticed a seven-headed hydra
 14626 | Lair:4   | Killed a four-headed hydra
 14626 | Lair:4   | Reached XP level 13. HP: 126/126 MP: 12/12
 15003 | Lair:4   | Found a staircase to the Swamp.
 15170 | Lair:5   | Noticed Rupert
 15189 | Lair:5   | Killed Rupert
 15464 | Lair:5   | Found a viscous altar of Jiyva.
 15464 | Lair:5   | Found a staircase to the Slime Pits.
 15490 | Lair:5   | Reached skill level 16 in Fighting
 16055 | Lair:5   | Received a gift from Trog
 16098 | Lair:5   | Noticed Snorg
 16105 | Lair:5   | Killed Snorg
 16122 | Lair:5   | Reached skill level 5 in Armour
 16533 | Lair:5   | Received a gift from Trog
 16543 | Lair:5   | Reached skill level 5 in Dodging
 16958 | Lair:6   | Entered Level 6 of the Lair of Beasts
 17314 | Lair:6   | Reached skill level 17 in Fighting
 17319 | Lair:6   | Paralysed by a hornet for 3 turns
 17329 | Lair:6   | Reached XP level 14. HP: 140/140 MP: 13/13
 17338 | Lair:6   | Received a gift from Trog
 17909 | Lair:6   | Identified a scroll of acquirement
 18424 | D:12     | Noticed BritneySpears's ghost (journeyman GrAK)
 18443 | D:12     | Killed BritneySpears's ghost
 18485 | D:12     | Received a gift from Trog
 18520 | D:12     | Found Godghugg's Weapon Emporium.
 18520 | D:12     | Found a staircase to the Orcish Mines.
 18761 | D:12     | Found a frozen archway.
 19018 | IceCv    | Entered an ice cave
 19407 | IceCv    | Got a pair of ichor-stained gloves
 19409 | IceCv    | Got a pair of distressingly furry boots
 19420 | IceCv    | Identified the cursed +0 pair of boots of the Crypt {rPois Int+2 Dex+2 Stlth-} (You found it in an ice cave)
 19430 | IceCv    | Identified the +5 pair of gloves of Peek-a-Boo {Regen+} (You found it in an ice cave)
 19475 | IceCv    | Received a gift from Trog
 19509 | IceCv    | Noticed a reaper
 19515 | IceCv    | Killed a reaper
 19774 | Orc:1    | Entered Level 1 of the Orcish Mines
 19816 | Orc:1    | Noticed Maurice
 19823 | Orc:1    | Killed Maurice
 19839 | Orc:1    | Noticed GuildmasterMusic's ghost (journeyman HOFi)
 19847 | Orc:1    | Killed GuildmasterMusic's ghost
 19891 | Orc:1    | Found Wypp's Antique Armour Shop.
 20244 | Orc:2    | Entered Level 2 of the Orcish Mines
 20373 | Orc:2    | Reached skill level 18 in Fighting
 20554 | Orc:2    | Reached XP level 15. HP: 149/149 MP: 14/14
 20681 | Orc:2    | Noticed an orc warlord
 20691 | Orc:2    | Killed an orc warlord
 20699 | Orc:2    | Reached skill level 10 in Armour
 20703 | Orc:2    | Received a gift from Trog
 20708 | Orc:2    | Found Leplanoe's Assorted Antiques.
 20772 | Orc:2    | Bought a glowing onyx ring for 125 gold pieces
 20791 | Orc:2    | Found a staircase to the Elven Halls.
 21516 | Orc:2    | Found Kimeur's Jewellery Shop.
 21516 | Orc:2    | Found Cucrok's Armour Boutique.
 21520 | Orc:2    | Found Cuaprik's Antique Weapon Boutique.
 21523 | Orc:2    | Found Tuohok's General Store.
 21536 | Orc:2    | Bought an uncursed ring of positive energy for 200 gold pieces
 22172 | D:13     | Received a gift from Trog
 22178 | D:13     | Noticed Sonja
 22182 | D:13     | Killed Sonja
 22878 | D:13     | Reached skill level 10 in Dodging
 22884 | D:13     | Found a gate to the Vaults.
 24231 | D:14     | Noticed Nessos
 24237 | D:14     | Killed Nessos
 24424 | D:15     | Entered Level 15 of the Dungeon
 24549 | D:15     | Found a shadowy altar of Dithmenos.
 24709 | D:15     | Found a basalt altar of Yredelemnul.
 24765 | D:15     | Found Wudaof's Book Emporium.
 24980 | D:15     | Found an opulent altar of Gozag.
 24980 | D:15     | Found Gozag's Platinum Reserve.
 24984 | D:15     | Noticed ICEMaiden's ghost (adept MiBe)
 24995 | D:15     | Killed ICEMaiden's ghost
 25124 | D:15     | Received a gift from Trog
 25217 | D:15     | Reached skill level 19 in Fighting
 25244 | D:15     | Found a staircase to the Depths.
 25251 | D:15     | Reached XP level 16. HP: 159/160 MP: 15/15
 25576 | Swamp:1  | Entered Level 1 of the Swamp
 25700 | Swamp:1  | Received a gift from Trog
 25829 | Swamp:1  | Reached skill level 5 in Shields
 25834 | Swamp:1  | Received a gift from Trog
 26540 | Swamp:2  | Found a bloodstained altar of Trog.
 26744 | Swamp:2  | Got an ebony broad axe
 26818 | Swamp:2  | Identified the +7 broad axe "Mozucoasm" {chop, rC+ Str+2} (You found it on level 2 of the Swamp)
 26836 | Swamp:2  | Noticed jasper's ghost (adept HaBe)
 26859 | Swamp:2  | Killed jasper's ghost
 27692 | Swamp:3  | Noticed a thorn hunter
 27702 | Swamp:3  | Killed a thorn hunter
 27728 | Swamp:3  | Received a gift from Trog
 28550 | Swamp:4  | Entered Level 4 of the Swamp
 28628 | Swamp:4  | Received a gift from Trog
 28764 | Swamp:4  | Noticed a thorn hunter
 28781 | Swamp:4  | Killed a thorn hunter
 28892 | Swamp:4  | Noticed a thorn hunter
 28900 | Swamp:4  | Killed a thorn hunter
 28900 | Swamp:4  | Reached XP level 17. HP: 122/168 MP: 16/16
 29148 | Swamp:4  | Received a gift from Trog
 29212 | Swamp:4  | Got a decaying rune of Zot
 29433 | Swamp:4  | Reached skill level 10 in Shields
 29700 | Vaults:1 | Entered Level 1 of the Vaults
 29833 | Orc:2    | Bought a scroll of identify for 30 gold pieces
 30159 | Vaults:1 | Noticed a tentacled monstrosity
 30170 | Vaults:1 | Killed a tentacled monstrosity
 30220 | Vaults:1 | Received a gift from Trog
 30909 | Vaults:1 | Received a gift from Trog
 31186 | Vaults:1 | Reached skill level 20 in Fighting
 31453 | Vaults:2 | Received a gift from Trog
 31491 | Vaults:2 | Noticed a Tzitzimitl
 31492 | Vaults:2 | Noticed a Brimstone Fiend
 31676 | Vaults:2 | Received a gift from Trog
 31726 | Vaults:2 | Noticed Mara
 31733 | Vaults:2 | Noticed adolchristin's illusion
 31733 | Vaults:2 | Reached XP level 18. HP: 124/178 MP: 17/17
 31765 | Vaults:2 | Received a gift from Trog
 31840 | Vaults:2 | Noticed adolchristin's illusion
 31843 | Vaults:2 | Killed Mara
 31843 | Vaults:2 | Received a gift from Trog
 31997 | Vaults:2 | Reached ****** piety under Trog
 32011 | Vaults:2 | Noticed a Hell Sentinel
 32516 | Vaults:2 | Found a staircase to the Crypt.
 33401 | Vaults:3 | Received a gift from Trog
 33413 | Vaults:3 | Got a warped hunting sling {god gift}
 33414 | Vaults:3 | Identified the +10 hunting sling "Juenop" {flame, Str+4} (Trog gifted it to you on level 3 of the Vaults)
 34062 | Vaults:4 | Paralysed by a sphinx for 7 turns
 34083 | Vaults:4 | Identified the +4 glaive of Trog's Castigation {chop, rElec rN++ Int+2 Stlth+}
 34083 | Vaults:4 | Slain by a vault sentinel

Vault maps used:
D:1:      dpeg_arrival_chambers_temple_mockup
D:2:      kennysheep_nub
D:3:      old_standard_altar, minitemple, uniq_terence, uniq_crazy_yiuf_cottage
D:4:      cheibrodos_sewer_entry_drain, cheibrodos_ashenzari_chains
D:5:      zin_treasury, minmay_temple_entry_poolview, serial_shops,
          nicolae_shop_behind_doors, first_ration, uniq_eustachio
D:6:      uniq_grinder
D:7:      overflow_temple_1_default, st_stairs_6, serial_bayou_pond_d,
          uniq_joseph
D:8:      kennysheep_little_box, serial_shops, nicolae_shop_trees, uniq_pikel
D:9:      okawaru_humans
D:11:     minmay_lair_entry_lava, uniq_urug
D:12:     orc_david_3, portal_ice_cave_entry_pillars_2, special_room
D:13:     erik_vaults_1, uniq_sonja
D:14:     serial_glass, glass_columns_a, glass_columns_a, uniq_nessos
D:15:     gammafunk_enter_depths_forms, serial_shops, nicolae_shop_behind_doors,
          serial_undead, serial_undead_b, serial_undead_a, serial_undead_a,
          serial_undead_f, basic_altar, grunt_dithmenos_smoke,
          nicolae_gozag_zags_fifth_avenue
Lair:1:   kennysheep_snail_temple
Lair:2:   guppyfry_snake_entry_garden, uniq_gastronok, uniq_harold
Lair:3:   basic_altar, lemuel_centaur_altar, lemuel_fruit_fields,
          grunt_megastairs_1, serial_bayou_shore_a
Lair:4:   minmay_swamp_entry_worms, nicolae_lair_yak_garden
Lair:5:   regret_index_combs_of_tragedy, slime_altar_1, beast_lair_carwin_3,
          lemuel_fruit_fields, infiniplex_staircase_pool_2, uniq_snorg,
          uniq_rupert
Lair:6:   minmay_lair_end_enchanted_forest, grunt_megastairs_5
Swamp:1:  serial_swamp_ruin, evilmike_swamp_ruin_rubble_2,
          evilmike_swamp_ruin_house_5, evilmike_swamp_ruin_house_4
Swamp:2:  basic_altar
Swamp:3:  evilmike_swamp_ruin_rubble_1, infiniplex_staircase_pool
Swamp:4:  swamp_alternative
Orc:1:    serial_shops, shop, uniq_maurice
Orc:2:    st_orc_mages, serial_shops, shop_fountains
Vaults:1: ontoclasm_vaults_shuriken, hangedman_vaults_corner,
          nicolae_vaults_big_angled_halls, st_more_cells,
          nicolae_vaults_puzzle_piece, hangedman_vaults_river_flow,
          nicolae_vaults_little_squares_1, v_misc_8, v_pattern_5,
          vaults_dpeg_encased_lava, hangedman_vaults_nails,
          nicolae_vaults_specimen_jars, nicolae_vaults_little_squares_6,
          v_misc_12, nicolae_vaults_ring_of_whatevers
Vaults:2: v_misc_16, vaults_room_grid, vaults_mumra_minichess_inversion,
          ontoclasm_vaults_fault, minmay_crypt_entry_simple_corners,
          nicolae_vaults_shelves_hall, vaults_mumra_minichess,
          ontoclasm_vaults_loading_screen, ontoclasm_vaults_chip, uniq_mara
Vaults:3: hangedman_vaults_hat, nicolae_vaults_diagonal_hallway_6, v_misc_18,
          ontoclasm_vaults_ligature, vaults_room_door_ring,
          ontoclasm_vaults_ring_small
Vaults:4: nicolae_vaults_little_squares_3, vaults_room_fancy_cross, st_star,
          nicolae_vaults_what_the_h, ontoclasm_vaults_misaligned,
          nicolae_vaults_little_squares_1, vaults_room_boxed,
          ontoclasm_vaults_ring_square, v_misc_8, serial_ice_h, v_misc_4,
          v_misc_8, nicolae_vaults_diagonal_hallway_9, nicolae_vaults_network_s,
          hangedman_vaults_capsules, nicolae_vaults_yaktaur_gun_rack,
          basic_altar, serial_shops, shop
IceCv:    ice_cave_small_demon

Skill      XL: |  1  2  3  4  5  6  7  8  9 10 11 12 13 14 15 16 17 18 |
---------------+-------------------------------------------------------+-----
Axes           | 4 5 6 7 9 11 13 14 15 16 17 18 19 | 19.5
Fighting       | 4 5 7 8 10 11 13 15 17 18 19 20 | 20.5
Shields        | 1 2 3 4 9 12 13 | 13.6
Slings         | 3 6 9 11 12 13 | 13.6
Armour         | 6 9 11 13 14 | 14.6
Dodging        | 6 9 10 12 13 | 13.5

Action                   |  1- 3 |  4- 6 |  7- 9 | 10-12 | 13-15 | 16-18 || total
-------------------------+-------+-------+-------+-------+-------+-------++-------
Melee: Hand axe          |    80 |    84 |   294 |   284 |   361 |   347 ||  1450
       Headbutt          |    12 |    15 |    73 |   122 |   219 |   335 ||   776
       War axe           |       |       |       |    59 |       |       ||    59
       Battleaxe         |       |       |       |   154 |   477 |       ||   631
       Executioner's axe |       |       |       |       |    32 |       ||    32
       Broad axe         |       |       |       |       |       |   773 ||   773
 Fire: Hunting sling     |       |       |       |    11 |     6 |    27 ||    44
       Fustibalus        |       |       |       |       |       |     6 ||     6
Invok: Berserk           |     1 |     5 |     7 |    14 |    32 |     4 ||    63
       Trog's Hand       |       |       |     1 |     6 |    20 |    23 ||    50
       Brothers in Arms  |       |       |       |     4 |     2 |     1 ||     7
  Use: Scroll            |       |     3 |     1 |    15 |    26 |    11 ||    56
       Potion            |       |       |       |     3 |     2 |     3 ||     8
 Stab: Sleeping          |     2 |       |       |       |       |       ||     2
       Petrified         |       |       |       |     2 |       |       ||     2
       Confused          |       |       |       |       |       |     1 ||     1
  Eat: Chunk             |     3 |     5 |    15 |    36 |    23 |    22 ||   104
       Ration            |       |     1 |     1 |     2 |    15 |     6 ||    25
Armor: Animal skin       |     2 |       |       |       |       |       ||     2
       Ring mail         |    26 |     4 |       |       |       |       ||    30
       Chain mail        |       |    41 |   122 |   373 |   255 |       ||   791
       Plate armour      |       |       |    17 |    22 |       |       ||    39
       Crystal plate arm |       |       |       |       |   298 |   571 ||   869
Dodge: Dodged            |    44 |    43 |    87 |   230 |   441 |   420 ||  1265
Block: Buckler           |     4 |    15 |    39 |    66 |    66 |    45 ||   235
       Shield            |       |       |       |       |       |   548 ||   548

Table legend:
 A = Spawn XP
 B = Non-spawn XP
 C = Spawn XP percentage of total XP
 D = Spawn monster count
 E = Non-spawn monster count
 F = Spawn count percentage of total count
 G = Total turns spent on level
                    A         B        C        D         E        F      G
               +---------+---------+-------+---------+---------+-------+---------
         Total |       0 |  360208 |   0.0 |       0 |    1224 |   0.0 | 34083
               +---------+---------+-------+---------+---------+-------+---------
           D:1 |       0 |      34 |   0.0 |       0 |      22 |   0.0 |   979
           D:2 |       0 |      39 |   0.0 |       0 |      19 |   0.0 |   969
           D:3 |       0 |     259 |   0.0 |       0 |      22 |   0.0 |   836
           D:4 |       0 |     557 |   0.0 |       0 |      40 |   0.0 |   645
           D:5 |       0 |    1047 |   0.0 |       0 |      26 |   0.0 |  1173
           D:6 |       0 |     801 |   0.0 |       0 |      14 |   0.0 |   830
           D:7 |       0 |    1017 |   0.0 |       0 |       9 |   0.0 |   737
           D:8 |       0 |    2456 |   0.0 |       0 |      19 |   0.0 |   809
           D:9 |       0 |    3473 |   0.0 |       0 |      28 |   0.0 |  1072
          D:10 |       0 |    1757 |   0.0 |       0 |      18 |   0.0 |  1132
          D:11 |       0 |    5355 |   0.0 |       0 |      48 |   0.0 |  2130
          D:12 |       0 |    7231 |   0.0 |       0 |      56 |   0.0 |   821
          D:13 |       0 |   12314 |   0.0 |       0 |      23 |   0.0 |  1361
          D:14 |       0 |    3800 |   0.0 |       0 |      16 |   0.0 |  1191
          D:15 |       0 |   22784 |   0.0 |       0 |      55 |   0.0 |   992
        Lair:1 |       0 |    7754 |   0.0 |       0 |      30 |   0.0 |  1150
        Lair:2 |       0 |    5096 |   0.0 |       0 |      15 |   0.0 |   911
        Lair:3 |       0 |    2777 |   0.0 |       0 |      16 |   0.0 |   951
        Lair:4 |       0 |    6389 |   0.0 |       0 |      20 |   0.0 |  1396
        Lair:5 |       0 |   19309 |   0.0 |       0 |      79 |   0.0 |  1546
        Lair:6 |       0 |   16737 |   0.0 |       0 |      71 |   0.0 |  1361
       Swamp:1 |       0 |   16405 |   0.0 |       0 |      47 |   0.0 |   983
       Swamp:2 |       0 |   16483 |   0.0 |       0 |      49 |   0.0 |  1072
       Swamp:3 |       0 |    8198 |   0.0 |       0 |      16 |   0.0 |  1001
       Swamp:4 |       0 |   32302 |   0.0 |       0 |      70 |   0.0 |   924
         Orc:1 |       0 |    4619 |   0.0 |       0 |      34 |   0.0 |   972
         Orc:2 |       0 |   22126 |   0.0 |       0 |      98 |   0.0 |  1260
      Vaults:1 |       0 |   49062 |   0.0 |       0 |     101 |   0.0 |  1574
      Vaults:2 |       0 |   45780 |   0.0 |       0 |      72 |   0.0 |  1293
      Vaults:3 |       0 |   25431 |   0.0 |       0 |      46 |   0.0 |  1237
      Vaults:4 |       0 |   12960 |   0.0 |       0 |      17 |   0.0 |   100
         IceCv |       0 |    5856 |   0.0 |       0 |      28 |   0.0 |   675
               +---------+---------+-------+---------+---------+-------+---------
